 Dungeon Crawl Stone Soup version 0.31.0-32-g396128a36d (webtiles) character file.

Game seed: 13204641533945934187

22371 Gabide the Geomancer (level 12, -12/101 (114) HPs)
             Began as a Troll Wanderer on Apr 20, 2024.
             Was a Priest of Cheibriados.
             Mangled by a skeletal warrior
             ... wielding a +4 battleaxe of draining
              (30 damage)
             ... on level 12 of the Dungeon.
             The game lasted 00:36:05 (16297 turns).

Gabide the Geomancer (Troll Wanderer)              Turns: 16297, Time: 00:36:06

HP:   -12/101 (114) AC: 15    Str: 34    XL:     12   Next: 62%
MP:   0/34          EV: 11    Int: 26    God:    Cheibriados [***...]
Gold: 1009          SH:  0    Dex: 16    Spells: 18/29 levels left

rFire   . .          .
                       - Unarmed
rCold   . . .        (no shield)
rNeg    . . .        B - +0 acid dragon scales
rPois   +            a - +3 hat of Pondering {ponderous, Will+ MP+10 Int+5}
rElec   .            y - +2 cloak
rCorr   +            (gloves unavailable)
SInv    .            (boots unavailable)
Will    +....        q - amulet of regeneration
Stlth   +            m - ring of poison resistance
HPRegen 1.96/turn    l - +6 ring of strength
MPRegen 0.24/turn

%: no passive effects
@: spiked, studying Evocations, heavily drained, very slow
A: large, unfitting armour, claws 3, regeneration 1, shaggy fur 1, tough skin 1
a: Renounce Religion, Bend Time, Temporal Distortion


You were on level 12 of the Dungeon.
You worshipped Cheibriados.
Cheibriados was most pleased with you.
You visited 2 branches of the dungeon, and saw 14 of its levels.

You collected 1236 gold pieces.
You spent 227 gold pieces at shops.

Inventory:

Hand Weapons
 b - the +10 sling of the Badger {antimagic, *Slow rPois Will+ Dex+5}
   (You found it on level 2 of the Dungeon)

   Dex+5:     It affects your dexterity (+5).
   rPois:     It protects you from poison Will+: It increases your willpower.
   *Slow:     It may slow you when you take damage.
 k - the +7 Throatcutter {drain, coup de grace}
   (You found it on level 7 of the Dungeon)
 x - a +0 giant spiked club
Missiles
 z - a throwing net
 I - 7 curare-tipped darts
 J - 12 boomerangs
 K - 4 silver javelins
Armour
 a - the +3 hat of Pondering (worn) {ponderous, Will+ MP+10 Int+5}
   (You took it off Gastronok on level 8 of the Dungeon)

   Int+5:     It affects your intelligence (+5).
   Will+:     It increases your willpower.
   MP+10:     It affects your magic capacity (+10).
 v - +0 steam dragon scales
 y - a +2 cloak (worn)
 B - +0 acid dragon scales (worn)
Jewellery
 h - a +6 ring of dexterity
 l - a +6 ring of strength (right claw)
 m - a ring of poison resistance (left claw)
 q - an amulet of regeneration (around neck)
 P - a ring of protection from cold
Talismans
 t - a granite talisman
Wands
 d - a wand of paralysis (19)
 e - a wand of mindburst (45)
 A - a wand of flame (53)
 G - a wand of iceblast (7)
 H - a wand of polymorph (11)
Scrolls
 f - 10 scrolls of teleportation
 n - a scroll of amnesia
 o - a scroll of fog
 p - 2 scrolls of blinking
 w - a scroll of silence
 C - 2 scrolls of fear
 M - 3 scrolls of enchant armour
 Q - a scroll of immolation
Potions
 c - 2 potions of brilliance
 g - a potion of ambrosia
 i - a potion of resistance
 j - 2 potions of enlightenment
 s - a potion of mutation
 u - a potion of magic
 D - a potion of curing
 E - 2 potions of lignification
 F - 2 potions of heal wounds
 L - a potion of berserk rage
 N - a potion of might
 O - a potion of cancellation


   Skills:
 - Level 6.0 Fighting
 + Level 3.4 Armour
 + Level 4.7 Dodging
 + Level 5.2 Unarmed Combat
 - Level 9.0 Spellcasting
 - Level 1.0 Summonings
 - Level 12.0 Earth Magic


You had 18 spell levels left.
You knew the following spells:

 Your Spells              Type           Power      Damage    Failure   Level
a - Sandblast             Erth           100%       2d20      1%          1
b - Passwall              Erth           65%        N/A       1%          3
c - Stone Arrow           Conj/Erth      84%        3d12      1%          3
d - Animate Armour        Summ/Erth      90%        N/A       4%          4

Your spell library contained the following spells:

 Spells                   Type           Power      Damage    Failure   Level
 Summon Small Mammal      Summ           64%        N/A       3%          1
 Apportation              Tloc           22%        N/A       6%          1
 Kiss of Death            Conj/Necr      44%        2d8       6%          1
 Cigotuvi's Dreadful Rot  Necr/Alch/Air  22%        N/A       9%          2
 Ensorcelled Hibernation  Hex/Ice        22%        N/A       9%          2
 Jinxbite                 Hex            22%        N/A       9%          2
 Summon Ice Beast         Ice/Summ       14%        N/A       14%         3
 Confusing Touch          Hex            11%        N/A       17%         3
 Gell's Gravitas          Tloc           11%        N/A       17%         3
 Swiftness                Air            11%        N/A       17%         3
 Teleport Other           Tloc           11%        N/A       17%         3
 Tukima's Dance           Hex            11%        N/A       17%         3
 Martyr's Knell           Necr/Summ      14%        N/A       43%         4
 Dispel Undead            Necr           11%        3d9       50%         4
 Manifold Assault         Tloc           11%        N/A       50%         4
 Passage of Golubria      Tloc           11%        N/A       50%         4
 Alistair's Intoxication  Alch           7%         N/A       85%         5
 Yara's Violent Unravell  Hex/Alch       5%         3d4       85%         5
 Death Channel            Necr           5%         N/A       100%        6
 Dispersal                Tloc           5%         N/A       100%        6
 Disjunction              Tloc           5%         N/A       100%        8


Dungeon Overview and Level Annotations

Branches:
Dungeon (13/15)            Temple (1/1) D:5            Lair (0/5) D:8
    Orc (0/2) D:9
 Vaults: D:13-14

Altars:
Ashenzari
Cheibriados
Dithmenos
Elyvilon
Fedhas
Gozag
Hepliaklqana
Kikubaaqudgha
Makhleb
Nemelex Xobeh
Okawaru
Qazlal
Ru
Sif Muna
Trog
Uskayaw
Vehumet
Wu Jian
Xom
Yredelemnul
Zin
The Shining One

Shops:
D:8 *   D:9 :

Portals:
Trove: D:10 (give +4 shadow dragon scales)


Innate Abilities, Weirdness & Mutations

You are too large for most types of armour.
You have claws for hands.
Your natural rate of healing is unusually fast.
You are covered in fur. (AC +1)
You have tough skin. (AC +1)


Message History

Unknown command.
The barbed spikes dig painfully into your body as you move.
The skeletal warrior hits your animated acid dragon scales with a +4 battleaxe of draining!
Your animated acid dragon scales hits the skeletal warrior but does no damage.
Your animated acid dragon scales hits the skeletal warrior!
The skeletal warrior hits your animated acid dragon scales with a +4 battleaxe of draining!!
Your animated acid dragon scales is destroyed!
Your animated acid dragon scales disappears in a puff of smoke!
The red devil hits you from afar with a +0 trident!
Barbed spikes become lodged in your body.
You see here a +0 mace of holy wrath.
The barbed spikes dig painfully into your body as you move.
The barbed spikes dig painfully into your body as you move.
The red devil closely misses you.
The barbed spikes dig painfully into your body as you move.
The red devil hits you but does no damage.
There is a stone staircase leading up, spattered with blood here.
The red devil misses you.
The skeletal warrior hits you with a +4 battleaxe of draining!
You feel drained.
The barbed spikes dig painfully into your body as you move.
You climb upwards.
There is a stone staircase leading down here.
Casting: Stone Arrow (safe; 1% risk of failure)
Confirm with . or Enter, or press ? or * to list all spells.
The skeletal warrior hits you with a +4 battleaxe of draining!!
* * * LOW HITPOINT WARNING * * *
You feel drained.
* * * LOW HITPOINT WARNING * * *
The skeletal warrior hits your animated acid dragon scales with a +4 battleaxe of draining!
You feel much better.
The skeletal warrior hits you with a +4 battleaxe of draining!!
* * * LOW HITPOINT WARNING * * *
You feel drained.
* * * LOW HITPOINT WARNING * * *
The skeletal warrior hits your animated acid dragon scales with a +4 battleaxe of draining.
The flow of time bends around you.
The skeletal warrior resists with some effort.
The skeletal warrior hits you with a +4 battleaxe of draining!!
You die...

#.........# #.# #
#.#######.# #.#
### #.# #.# #.#
#.. #.# #.######.#
#.# #.# #...)....#
#.# #.# ####.###.#
#.# #.# #.# #.#
#.# #.# #.###.###
#.# #.# #.#..@..#
#.# #.#
####.#...z.### #.#
#.# #........[...#
#.# #.#
#.##.#.....#.#
###.# #.#
#.##.#.....#.#
#.... #.#
#.##.....###.#
#.#.# #.#
#.######.# #.#
#.#.# #.# #.#
#.###.########.#.#
#.## #.#
#.................


You could see a skeletal warrior (ally target) and a friendly animated acid
dragon scales (summoned).

Vanquished Creatures
  Gastronok (D:8)
  3 two-headed ogres
  A deep elf pyromancer (D:12)
  2 ugly things (D:11)
  Maurice (D:7)
  A cyclops (D:11)
  Joseph (D:7)
  Maggie (D:7)
  A komodo dragon (D:10)
  A kobold demonologist (D:12)
  3 trolls (D:10)
  A hornet (D:5)
  3 vampires
  8 yaks
  A basilisk (D:12)
  5 wyverns
  2 steam dragons
  9 vampire mosquitoes
  Menkaure (D:7)
  An acid dragon (D:9)
  4 water moccasins
  A sky beast (D:7)
  An ice beast (D:6)
  7 orc warriors
  An ogre (D:6)
  3 centaurs
  4 kobold brigands
  3 scorpions
  4 bullfrogs
  9 wights
  6 killer bees (D:8)
  4 bombardier beetles
  A howler monkey (D:5)
  A jelly (D:7)
  4 orc priests
  A gnoll bouda (D:5)
  7 hounds
  2 sleepcaps (D:5)
  Jessica (D:2)
  3 iguanas
  10 orc wizards
  5 gnolls
  13 adders
  2 white imps
  6 ufetubi
  2 dart slugs
  5 ribbon worms
  40 orcs
  6 endoplasms
  2 giant cockroaches
  5 goblins
  5 hobgoblins
  3 jackals (D:2)
  13 kobolds
  5 quokkas
  4 ball pythons
  12 bats
  6 frilled lizards
  10 rats
268 creatures vanquished.

Vanquished Creatures (collateral kills)
  A vault guard (D:10)
  2 two-headed ogres
  A boulder beetle (D:12)
  The ghost of Peloso the Protected, a novice MiFi (D:8)
  A deep elf pyromancer (D:12)
  2 cyclopes
  A komodo dragon (D:11)
  10 yaks
  2 wraiths
  3 vampire mosquitoes (D:12)
  An acid dragon (D:9)
  2 orc warriors (D:9)
  4 kobold brigands (D:8)
  2 wights (D:10)
  A howler monkey (D:9)
  An orc priest (D:9)
  2 orc wizards (D:10)
  12 orcs
  4 kobolds (D:9)
53 creatures vanquished.

Vanquished Creatures (others)
  A shadow imp (D:6)
1 creature vanquished.

Grand Total: 322 creatures vanquished

Notes
Turn   | Place    | Note
-------+----------+-------------------------------------------
     0 | D:1      | Gabide the Troll Wanderer began the quest for the Orb.
     0 | D:1      | Gabide set off with the following items: a +0 club, a
                  | scroll of teleportation, a +0 robe, a +0 cloak; and the
                  | following spells available to memorise: Sandblast, Summon
                  | Small Mammal, Stone Arrow, Summon Ice Beast, Animate
                  | Armour.
     0 | D:1      | Reached XP level 1. HP: 16/16 MP: 2/2
   263 | D:1      | Learned a level 1 spell: Sandblast
   359 | D:1      | Reached XP level 2. HP: 22/24 MP: 0/4
   675 | D:1      | Reached skill level 3 in Earth Magic
   677 | D:1      | Reached XP level 3. HP: 23/32 MP: 2/5
  1041 | D:2      | Found a faded altar of an unknown god.
  1163 | D:2      | Reached skill level 1 in Unarmed Combat
  1255 | D:2      | Identified the +10 sling of the Badger {antimagic, *Slow
                  | rPois Will+ Dex+5}
  1362 | D:2      | Reached XP level 4. HP: 40/40 MP: 2/6
  1535 | D:2      | Reached skill level 1 in Fighting
  1644 | D:2      | Noticed Jessica
  1646 | D:2      | Killed Jessica
  1904 | D:3      | Reached XP level 5. HP: 48/48 MP: 2/7
  2104 | D:3      | Learned a level 3 spell: Passwall
  2655 | D:3      | Identified a scroll of acquirement
  2655 | D:3      | Acquired 631 gold pieces
  2831 | D:4      | Found a bloodstained altar of Trog.
  2935 | D:4      | Reached XP level 6. HP: 45/55 MP: 1/9
  3021 | D:4      | Found a shimmering altar of Xom.
  3070 | D:4      | Reached skill level 4 in Earth Magic
  3429 | D:4      | Reached XP level 7. HP: 64/65 MP: 4/10
  3947 | D:5      | Entered Level 5 of the Dungeon
  4007 | D:5      | Reached skill level 5 in Earth Magic
  4065 | D:5      | Noticed a hornet
  4067 | D:5      | Paralysed by a hornet for 2 turns
  4080 | D:5      | Paralysed by a hornet for 2 turns
  4083 | D:5      | HP: 2/66 [hornet (12)]
  4088 | D:5      | Killed a hornet
  4132 | D:5      | Reached XP level 8. HP: 73/74 MP: 6/13
  4367 | D:5      | Found a staircase to the Ecumenical Temple.
  4447 | D:5      | Reached skill level 6 in Earth Magic
  4508 | Temple   | Entered the Ecumenical Temple
  5683 | D:7      | Found the +7 Throatcutter {drain, coup de grace}
  5714 | D:7      | HP: 1/78 [something (8)]
  5765 | D:7      | Learned a level 3 spell: Stone Arrow
  5940 | D:7      | Reached skill level 5 in Spellcasting
  5940 | D:7      | Reached skill level 7 in Earth Magic
  5940 | D:7      | Reached XP level 9. HP: 84/84 MP: 2/15
  6236 | D:7      | Noticed Joseph
  6250 | D:7      | Killed Joseph
  6662 | D:7      | Noticed Menkaure
  6664 | D:7      | Killed Menkaure
  6791 | D:7      | Found a glowing golden altar of the Shining One.
  6811 | D:7      | Reached skill level 8 in Earth Magic
  7254 | D:7      | Noticed Maggie
  7266 | D:7      | Noticed Maurice
  7280 | D:7      | Maurice stole 714 gold
  7281 | D:7      | Maurice stole a +6 ring of dexterity
  7283 | D:7      | Maurice stole a granite talisman
  7287 | D:7      | Maurice stole the +10 sling of the Badger {antimagic, *Slow
                  | rPois Will+ Dex+5}
  7288 | D:7      | Maurice stole 2 throwing nets
  7290 | D:7      | Maurice stole 171 gold
  7298 | D:7      | HP: 4/87 [something (12)]
  8532 | D:7      | Killed Maurice
  8533 | D:7      | Reached skill level 5 in Fighting
  8533 | D:7      | Reached XP level 10. HP: 81/96 MP: 0/18
  8667 | D:7      | Killed Maggie
  8869 | D:7      | Found a stormy altar of Qazlal.
  9040 | D:8      | Noticed Gastronok
  9068 | D:8      | Killed Gastronok
  9069 | D:8      | Reached skill level 9 in Earth Magic
  9323 | D:8      | Found a staircase to the Lair.
  9726 | D:8      | Found a runed translucent gate.
  9726 | D:8      | Found a runed translucent gate.
  9727 | D:8      | Found a runed translucent gate.
  9727 | D:8      | Noticed Peloso's ghost (novice MiFi)
  9748 | D:8      | Found Atuilif's Assorted Antiques.
  9799 | D:8      | Bought a dark potion for 29 gold pieces
  9800 | D:8      | Bought 3 scrolls of identify for 198 gold pieces
  9808 | D:8      | Found a broken altar of Ashenzari.
  9978 | D:8      | Found a radiant altar of Vehumet.
  9990 | D:8      | Learned a level 4 spell: Animate Armour
 10121 | D:8      | Found a shimmering blue altar of Sif Muna.
 10304 | D:9      | Found a staircase to the Orcish Mines.
 10565 | D:9      | Reached XP level 11. HP: 102/105 MP: 5/21
 10821 | D:9      | Noticed a two-headed ogre
 10881 | D:9      | Killed a two-headed ogre
 11383 | D:9      | Found a snail-covered altar of Cheibriados.
 11590 | D:9      | Found Xuroucefunk's Book Shop.
 11916 | D:9      | Became a worshipper of Cheibriados the Contemplative
 12056 | D:8      | Killed Peloso's ghost
 12463 | D:10     | Entered Level 10 of the Dungeon
 12476 | D:10     | Identified the +1 dagger "Dowkuj Sail" {vamp, rF+}
 12586 | D:10     | Reached * piety under Cheibriados
 13441 | D:10     | Noticed a two-headed ogre
 13458 | D:10     | Killed a two-headed ogre
 13459 | D:10     | Reached skill level 10 in Earth Magic
 13459 | D:10     | Reached ** piety under Cheibriados
 13541 | D:10     | Noticed a vault guard
 13546 | D:10     | Killed a vault guard
 13604 | D:10     | Found a portal to a secret trove of treasure.
 13667 | D:11     | Noticed a green ugly thing
 13673 | D:11     | Killed a green ugly thing
 13674 | D:11     | Reached skill level 11 in Earth Magic
 13686 | D:11     | Noticed a red ugly thing
 13693 | D:11     | Killed a red ugly thing
 13857 | D:11     | Reached XP level 12. HP: 98/114 MP: 10/24
 14024 | D:11     | Noticed a two-headed ogre
 14030 | D:11     | Killed a two-headed ogre
 14409 | D:11     | Reached skill level 12 in Earth Magic
 14799 | D:11     | Reached skill level 1 in Armour
 14959 | D:12     | Noticed a two-headed ogre
 14966 | D:12     | Killed a two-headed ogre
 15343 | D:12     | Reached *** piety under Cheibriados
 15620 | D:12     | Noticed a boulder beetle
 15668 | D:12     | Killed a boulder beetle
 16275 | D:13     | Noticed a two-headed ogre
 16278 | D:13     | Reached skill level 5 in Unarmed Combat
 16287 | D:13     | Killed a two-headed ogre
 16297 | D:12     | Mangled by a skeletal warrior

Illustrated notes

Levels and vault maps discovered:
D:1:      dpeg_arrival_water_fire, layout_rooms, serial_forest,
          infiniplex_forest_corner_2, infiniplex_forest_end_3,
          infiniplex_forest_join, infiniplex_forest_diagonal,
          infiniplex_forest_end_2, infiniplex_forest_clump_cross,
          chequers_arboretum
D:2:      layout_loops_ring, hellmonk_ecumenical_altar_blasted, uniq_jessica
D:3:      layout_basic, corexii_hall_statues_l, small_statue_intersection,
          st_stairs_10, nrook_campfire, dk_noncrumbling_2,
          hangedman_decor_points
D:4:      layout_cave_pools, trog_butcher_becter, mainiacjoe_overflow_alcove_2,
          st_stairs_2, minmay_manual_mail
D:5:      layout_rooms, minmay_temple_entry_slanted
D:6:      layout_cave_pools, feat_on_display
D:7:      layout_cave_pools, tso_metal_star, nicolae_qazlal_eye_of_the_storm,
          wad_rectangle_vault, uniq_maggie, uniq_joseph, uniq_menkaure,
          uniq_maurice
D:8:      layout_basic, lemuel_blue_sif_altar, vehumet_altar_wand_db,
          cheibrodos_ashenzari_chains, lair_entry_dummy, serial_shops, shop,
          gammafunk_ghost_nasty_kobolds, uniq_gastronok
D:9:      layout_loops_ring, amcnicky_altar_gilded, david_orc_5, serial_shops,
          nicolae_shop_peninsula, grunt_ministairs_10
D:10:     layout_rooms, enter_trove_5
D:11:     layout_loops_ring
D:12:     layout_loops_ring
D:13:     layout_loops_ring, serial_demonic, serial_demonic_e, serial_demonic_e,
          serial_demonic_c, serial_demonic_a, serial_demonic_c,
          serial_demonic_g, serial_demonic_e, serial_demonic_g, uniq_urug
Temple:   nicolae_temple_great_sept

Skill      XL: |  1  2  3  4  5  6  7  8  9 10 11 12 |
---------------+-------------------------------------+-----
Earth Magic    | 3 4 5 7 8 9 11 12 | 12.0
Unarmed Combat | 1 2 3 5 |  5.2
Fighting       | 1 2 3 5 6 |  6.0
Dodging        | 3 4 |  4.7
Spellcasting   | 3 4 5 6 7 9 |  9.0
Armour         | 3 |  3.4
Summonings     | |  1.0

Action                     |  1- 3 |  4- 6 |  7- 9 | 10-12 || total
---------------------------+-------+-------+-------+-------++-------
  Melee: Unarmed           |    79 |    61 |   144 |    57 ||   341
         Punch             |     1 |       |     2 |     1 ||     4
   Fire: Sling             |     6 |    45 |    18 |       ||    69
  Throw: Throwing net      |       |       |     3 |       ||     3
   Cast: Sandblast         |    27 |    69 |   115 |       ||   211
         Stone Arrow       |       |       |    80 |   236 ||   316
         Animate Armour    |       |       |       |    51 ||    51
 Invoke: Bend Time         |       |       |       |     2 ||     2
  Evoke: Wand              |       |       |     5 |     7 ||    12
    Use: Scroll            |     4 |    10 |     7 |     8 ||    29
         Potion            |       |       |     3 |     1 ||     4
 Armour: Robe              |    88 |    97 |   156 |       ||   341
         Steam dragon scal |       |       |   187 |     2 ||   189
         Acid dragon scale |       |       |       |   211 ||   211
  Dodge: Dodged            |    85 |    74 |   160 |   103 ||   422
